 Dungeon Crawl Stone Soup version 0.31.0 (webtiles) character file.

Game seed: 5461415254292167939

354 qw the Shooter (level 6, -5/38 HPs)
             Began as a Gargoyle Hunter on Jan 19, 2024.
             Slain by an ogre
             ... wielding a +0 giant spiked club
              (9 damage)
             ... on level 4 of the Dungeon.
             The game lasted 00:00:10 (2671 turns).

qw the Shooter (Gargoyle Hunter)                    Turns: 2671, Time: 00:00:10

Health: -5/38      AC: 12    Str: 15    XL:     6   Next: 62%
Magic:  6/6        EV: 11    Int:  9    God:
Gold:   159        SH:  0    Dex: 15    Spells: 5/5 levels left

rFire   . . .        a - +2 shortbow
rCold   . . .        (shield currently unavailable)
rNeg    + . .        e - +0 ring mail
rPois   inf          (no helmet)
rElec   +            (no cloak)
rCorr   .            (no gloves)
SInv    .            g - +2 pair of boots
Will    .....        (no amulet)
Stlth   +            (no ring)
HPRegen 0.26/turn    (no ring)
MPRegen 0.10/turn

%: no passive effects
@: no status effects
A: sickness immunity, AC +4, negative energy resistance 1, electricity
resistance, torment resistance 1, petrification resistance
a: no special abilities


You were on level 4 of the Dungeon.
You visited 1 branch of the dungeon, and saw 4 of its levels.

You collected 159 gold pieces.


Innate Abilities, Weirdness & Mutations

You are immune to sickness and miasma.
Your stone body is resilient. (AC +4)
You are immune to poison.
You resist negative energy. (rN+)
You are resistant to electric shocks. (rElec)
You are resistant to unholy torment.
You are immune to petrification.


   Skills:
 - Level 4.0 Fighting
 + Level 6.8 Ranged Weapons
 - Level 1.4 Armour
 - Level 1.5 Dodging
 - Level 1.1 Stealth


You had 5 spell levels left.
You didn't know any spells.
Your spell library was empty.

Inventory:

Hand Weapons
 a - a +2 shortbow (weapon)
Armour
 e - a +0 ring mail (worn)
 g - a +2 pair of boots (worn)
Wands
 j - a wand of light (9)
Potions
 f - a potion of degeneration {unknown}
 i - a potion of resistance {unknown}
 k - a potion of enlightenment {unknown}

Dungeon Overview and Level Annotations

Branches:
Dungeon (4/15)
 Temple: D:4-7

Altars:

Annotations:
D:3 1 runed translucent door, Crazy Yiuf


Message History

The hobgoblin is almost dead.
The hobgoblin enters a dispersal trap!
The ball python blinks!
The ogre blinks!
You blink.
The kobold throws a stone.
The stone hits you but does no damage.
You shoot an arrow. The arrow hits the hobgoblin.
You kill the hobgoblin!
The kobold throws a stone.
The stone closely misses you.
You shoot an arrow. The arrow hits the kobold.
You kill the kobold!
You shoot an arrow. The arrow closely misses the ogre.
You shoot an arrow. The arrow hits the ogre!
The ogre is heavily wounded.
The ogre enters a dispersal trap!
You blink.
Found a ring mail.
The ogre blinks!
You shoot an arrow.
The arrow closely misses the ball python.
The ball python bites you but does no damage.
The ball python barely misses you.
You shoot an arrow. The arrow hits the ball python!
You kill the ball python!
You shoot an arrow. The arrow barely misses the ogre.
The ogre closely misses you.
You shoot an arrow. The arrow barely misses the ogre.
The adder bites you but does no damage.
The ogre hits you with a +0 giant spiked club!!
Ouch! That really hurt!
You shoot an arrow. The arrow completely misses the ogre.
The adder bites you but does no damage. The ogre barely misses you.
The adder closely misses you.
You shoot an arrow. The arrow hits the ogre.
The ogre is heavily wounded.
The adder bites you but does no damage.
You shoot an arrow. The arrow hits the ogre.
The ogre is heavily wounded.
The ogre hits you with a +0 giant spiked club!
The adder closely misses you.
You shoot an arrow. The arrow hits the ogre!
The ogre is almost dead.
The adder closely misses you.
The ogre hits you with a +0 giant spiked club!
You die...

......
####..#.##
........##
#........##
#.........##
#..........#
#...S.....#
#..O@....#
###)#.[.##
#.##.## #^#
## #.#
#########.#
#...<)....#
#.##.##.###
#.##.#


You could see an ogre and an adder.

Vanquished Creatures
  Blork the orc (D:4)
  A jelly (D:2)
  A gnoll bouda (D:3)
  2 orc wizards (D:3)
  8 gnolls (D:3)
  3 adders (D:2)
  A dart slug (D:2)
  A ribbon worm (D:2)
  4 orcs (D:3)
  4 ball pythons
  6 endoplasms
  4 giant cockroaches
  8 goblins
  3 hobgoblins
  5 quokkas
  10 bats
  4 kobolds
  9 rats
75 creatures vanquished.

Notes
Turn   | Place    | Note
-------+----------+-------------------------------------------
     0 | D:1      | qw the Gargoyle Hunter began the quest for the Orb.
     0 | D:1      | Reached XP level 1. HP: 12/12 MP: 1/1
     0 | D:1      | 0 ||| qw: Version: 0.3-a-132-g3d54051
     0 | D:1      | 0 ||| qw: Game counter: 204
     0 | D:1      | 0 ||| qw: Melee chars always use a shield: true
     0 | D:1      | 0 ||| qw: God list: Okawaru
     0 | D:1      | 0 ||| qw: Allow faded altars: false
     0 | D:1      | 0 ||| qw: Do Orc after clearing Dungeon:15 true
     0 | D:1      | 0 ||| qw: Do second Lair branch before Depths: true
     0 | D:1      | 0 ||| qw: Lair rune preference: random
     0 | D:1      | 0 ||| qw: Goals: Normal
     0 | D:1      | 0 ||| PLANNING D:1-11
    70 | D:1      | HP: 3/12 [hobgoblin (2)]
    76 | D:1      | Reached XP level 2. HP: 5/17 MP: 2/2
   448 | D:1      | Found a faded altar of an unknown god.
   501 | D:1      | 501 ||| READING scroll labelled QEBUTENIEMP.
   501 | D:1      | 501 ||| ENCHANTING +0 shortbow.
   502 | D:1      | 502 ||| READING 2 scrolls labelled VEISEPT XUIST.
   503 | D:1      | 503 ||| READING scroll labelled GUULEEBLUE.
   504 | D:1      | 504 ||| READING scroll labelled NUFOL LIJIEQUI.
   509 | D:1      | 509 ||| READING scroll labelled VOM CAQ HOZEIRAI.
   610 | D:1      | 610 ||| DROPPING scroll of butterflies.
   611 | D:1      | 611 ||| DROPPING scroll of revelation.
   674 | D:2      | Reached XP level 3. HP: 21/21 MP: 3/3
   815 | D:2      | Reached skill level 5 in Ranged Weapons
   835 | D:2      | 835 ||| FLEEEEING.
   976 | D:2      | Reached skill level 3 in Fighting
   976 | D:2      | Reached XP level 4. HP: 26/28 MP: 4/4
  1094 | D:2      | 1094 ||| READING scroll of enchant weapon.
  1094 | D:2      | 1094 ||| ENCHANTING +1 shortbow.
  1597 | D:2      | 1597 ||| UPGRADING to +2 pair of boots.
  1602 | D:2      | 1602 ||| READING 2 scrolls labelled KAGOAGI WEESO.
  1603 | D:2      | 1603 ||| READING scroll labelled TAICUNOFEO.
  1603 | D:2      | 1603 ||| IDENTIFYING pink potion
  1604 | D:2      | 1604 ||| READING 3 scrolls labelled YTHREO GOXTIW.
  1605 | D:2      | 1605 ||| DROPPING scroll of blinking.
  1606 | D:2      | 1606 ||| DROPPING 2 scrolls of fog.
  1664 | D:3      | Reached XP level 5. HP: 32/32 MP: 5/5
  1669 | D:3      | 1669 ||| DRINKING potion of curing.
  1669 | D:3      | 1669 ||| (to cure confusion)
  1690 | D:3      | 1690 ||| RETREEEEATING.
  1691 | D:3      | 1691 ||| RETREEEEATING.
  1693 | D:3      | 1693 ||| RETREEEEATING.
  1696 | D:3      | Reached skill level 6 in Ranged Weapons
  1702 | D:3      | Reached skill level 1 in Armour
  1718 | D:3      | Reached XP level 6. HP: 12/38 MP: 6/6
  1718 | D:3      | 1718 ||| FLEEEEING.
  2050 | D:3      | 2050 ||| FLEEEEING.
  2298 | D:3      | Found a runed translucent door.
  2299 | D:3      | Noticed Crazy Yiuf
  2609 | D:3      | 2609 ||| UPGRADING to +0 ring mail.
  2619 | D:3      | 2619 ||| DROPPING +0 leather armour.
  2620 | D:3      | 2620 ||| READING scroll of identify.
  2620 | D:3      | 2620 ||| IDENTIFYING inky potion
  2621 | D:3      | 2621 ||| DRINKING 2 viscous cyan potions.
  2622 | D:3      | 2622 ||| DROPPING potion of brilliance.
  2623 | D:3      | 2623 ||| DROPPING potion of attraction.
  2643 | D:4      | Noticed Blork the orc
  2644 | D:4      | 2644 ||| PLANNING SEWER
  2646 | D:4      | 2646 ||| ZAPPING wand of light (12) at 1,0 (Blork the orc;
                  | floor).
  2647 | D:4      | 2647 ||| ZAPPING wand of light (11) at 1,0 (Blork the orc;
                  | floor).
  2648 | D:4      | 2648 ||| ZAPPING wand of light (10) at 1,0 (Blork the orc;
                  | floor).
  2648 | D:4      | Killed Blork the orc
  2670 | D:4      | HP: 4/38 [ogre/+0 giant spiked club (15)]
  2671 | D:4      | Slain by an ogre

Levels and vault maps discovered:
D:1:      ncdulo_wetmaze, layout_rooms, shapermc_ecumenical_altar_rom_forum
D:2:      layout_basic, serial_park_tiny_2
D:3:      layout_basic, uniq_crazy_yiuf_cottage
D:4:      minmay_clustersquares, layout_loops_cross, ebering_ghost_rock_garden,
          cheibrodos_sewer_entry_drain, nicolae_shop_self_help, uniq_eustachio,
          uniq_blork_the_orc

Skill      XL: |  1  2  3  4  5 |
---------------+----------------+-----
Ranged Weapons | 5 6 |  6.8
Fighting       | 3 4 |  4.0
Armour         | 1 |  1.4
Dodging        | |  1.5
Stealth        | |  1.1

Action                     |  1- 3 |  4- 6 || total
---------------------------+-------+-------++-------
   Fire: Shortbow          |    99 |   151 ||   250
  Evoke: Wand              |       |     3 ||     3
    Use: Scroll            |     5 |     5 ||    10
         Potion            |       |     2 ||     2
 Armour: Leather armour    |    25 |    61 ||    86
         Ring mail         |       |     8 ||     8
  Dodge: Dodged            |    20 |    43 ||    63

Table legend:
 A = Non-vault XP
 B = Vault XP
 C = Vault XP percentage of total XP
 D = Non-vault monster count
 E = Vault monster count
 F = Vault count percentage of total count
                 A         B        C        D         E       F
            +---------+---------+-------+---------+---------+-------
      Total |     412 |      94 |  18.6 |      74 |       1 |   1.3
            +---------+---------+-------+---------+---------+-------
        D:1 |      28 |       0 |   0.0 |      17 |       0 |   0.0
        D:2 |     119 |       0 |   0.0 |      24 |       0 |   0.0
        D:3 |     260 |       0 |   0.0 |      30 |       0 |   0.0
        D:4 |       5 |      94 |  94.9 |       3 |       1 |  25.0
            +---------+---------+-------+---------+---------+-------
